 Dungeon Crawl Stone Soup version 0.24.0-13-gcf9b3192b9 (console) character file.

Game seed: 16583792874592146419, levelgen mode: deterministic

6693 Kagalorn the Magician (level 11, -6/81 HPs)
             Began as a Gnoll Earth Elementalist on Nov 5, 2019.
             Was a Priest of the Shining One.
             Killed by divine providence
             ... invoked by a meliai
              (8 damage)
             ... on level 9 of the Dungeon.
             The game lasted 00:34:23 (9524 turns).

Kagalorn the Magician (Gnoll Earth Elementalist)    Turns: 9524, Time: 00:34:24

Health: -6/81      AC: 13    Str: 10    XL:     11   Next: 3%
Magic:  22/22      EV: 15    Int: 21    God:    the Shining One [***...]
Gold:   420        SH:  0    Dex: 16    Spells: 17/25 levels left

rFire    . . .     SeeInvis .   a - +2 flail (crush)
rCold    + . .     Gourm    .   (no shield)
rNeg     + . .     Faith    .   c - +3 ring mail "Catopu" {+Fly rElec rPois rCorr}
rPois    +         Spirit   .   G - +0 helmet
rElec    +         Reflect  .   w - +0 cloak
rCorr    +         Harm     .   C - +0 pair of gloves
MR       .....                  (no boots)
Stlth    +.........             (no amulet)
HPRegen  0.23/turn              (no ring)
MPRegen  0.18/turn              S - ring of protection from cold

@: lethally poisoned (-6 -> -11), very slightly contaminated, glowing
A: distributed training, fangs 1, strong nose
a: Divine Shield, Renounce Religion, Evoke Flight


You were on level 9 of the Dungeon.
You worshipped the Shining One.
The Shining One was most pleased with you.
You were hungry.

You visited 1 branch of the dungeon, and saw 9 of its levels.

You collected 420 gold pieces.

Inventory:

Hand Weapons
 a - a +2 flail of crushing (weapon)
 b - a +0 long sword of holy wrath
Missiles
 t - 107 bolts
 u - 193 arrows
 v - 14 javelins (quivered)
 E - 12 stones
 O - 8 sling bullets
Armour
 c - the +3 ring mail "Catopu" (worn) {+Fly rElec rPois rCorr}
   (You found it on level 7 of the Dungeon)

   It insulates you from electricity.
   It protects you from poison.
   It lets you fly.
   It provides partial protection from all sources of acid and corrosion.
 w - a +0 cloak (worn)
 C - a +0 pair of gloves (worn)
 G - a +0 helmet (worn)
 L - a +0 robe of the Archmagi
Jewellery
 j - an uncursed amulet of harm {unknown}
 F - an uncursed ring of flight
 S - a ring of protection from cold (right hand)
Wands
 B - a wand of acid (8)
 I - a wand of polymorph (3)
 M - a wand of digging (4)
 N - a wand of flame (20)
 T - a wand of iceblast (5)
Scrolls
 e - a scroll of amnesia {unknown}
 f - a scroll of magic mapping
 h - a scroll of fear
 k - 3 scrolls of enchant weapon
 l - a scroll of teleportation {unknown}
 o - a scroll of immolation
 s - 3 scrolls of fog
 y - a scroll of blinking
 D - a scroll of remove curse
 J - 2 scrolls of random uselessness
 K - a scroll of enchant armour {unknown}
 R - a scroll of brand weapon {unknown}
Potions
 g - 2 potions of berserk rage
 i - a potion of might
 m - 2 potions of ambrosia
 n - 9 potions of curing
 q - 3 potions of degeneration {unknown}
 x - a potion of heal wounds
 A - a potion of invisibility
 P - a potion of lignification {unknown}
 Q - 2 potions of brilliance {unknown}
Comestibles
 d - 16 rations


   Skills:
 + Level 5.7 Fighting
 + Level 5.7 Short Blades
 + Level 5.7 Long Blades
 + Level 5.7 Axes
 + Level 5.7 Maces & Flails
 + Level 5.7 Polearms
 + Level 5.7 Staves
 + Level 5.7 Slings
 + Level 5.7 Bows
 + Level 5.7 Crossbows
 + Level 5.7 Throwing
 + Level 5.7 Armour
 + Level 7.4 Dodging
 + Level 7.2 Stealth
 + Level 5.7 Shields
 + Level 5.7 Unarmed Combat
 + Level 7.7 Spellcasting
 + Level 4.7 Conjurations
 + Level 4.7 Hexes
 + Level 4.7 Charms
 + Level 4.7 Summonings
 + Level 4.7 Necromancy
 + Level 4.7 Translocations
 + Level 5.2 Transmutations
 + Level 4.7 Fire Magic
 + Level 4.7 Ice Magic
 + Level 4.7 Air Magic
 + Level 7.3 Earth Magic
 + Level 4.7 Poison Magic
 + Level 6.3 Invocations
 + Level 5.7 Evocations


You had 17 spell levels left.
You knew the following spells:

 Your Spells              Type           Power        Failure   Level  Hunger
a - Sandblast             Erth           #####.       1%          1    None
b - Lee's Rapid Deconstr  Erth           #####.....   26%         5    #####..
f - Passwall              Tmut/Erth      ####....     1%          2    None

Your spell library contained the following spells:

 Spells                   Type           Power        Failure   Level  Hunger
 Stone Arrow              Conj/Erth      ####..       4%          3    None
 Petrify                  Tmut/Erth      ####....     14%         4    ###....


Dungeon Overview and Level Annotations

Branches:
Dungeon (9/15)             Temple (0/1) D:6
   Lair: D:8-11         Orc: D:9-12

Altars:
Fedhas
Hepliaklqana
Trog
Wu Jian
Yredelemnul
Zin
The Shining One


Innate Abilities, Weirdness & Mutations

Your experience applies equally to all skills.
You have very sharp teeth.
Your uncanny sense of smell can sniff out nearby items.


Message History

Press: ? - help, Dir - move target cursor You are very lightly contaminated with residual magic.
As you read the scroll labeled VYPHE HUGAOTE, it crumbles to dust.
It was a scroll of blinking.
* * * LOW HITPOINT WARNING * * *
You feel sick.
Okay, then.
What are your orders? t - Bark!
Orders for allies: a - Attack new target. r - Retreat! s - Stop attacking. g - Guard the area. f - Follow me.
Anything else - Cancel.
Okay, then.
As you read the scroll labeled LAFA NIALAOJ, it crumbles to dust.
You hear the tinkle of a tiny bell.
It was a scroll of random uselessness.
The meliai mumbles some strange prayers to its god against you.
Something smites you!
You die...

∆ # #.####..#
####....##.......#
.......#........#
#..#...#........# #
#..#...#........# ..y.
y..#.##..#...#........# y...
...#.....#...#........# ...#
y...#....†'...#........#
...##....#####'#@..####.....#
.......yy##...........#.###.#
.........##...........#.###.#
......y..##≈y.≈.......#.....#
##'########.y.≈≈#######)....#
......yy.yy.≈_..............#
.......#...y≈.≈≈.......##...#
...........≈.≈...†.....##...#
.......................##...#


You could see 3 meliai and 2 killer bees.

Vanquished Creatures
  Harold (D:8)
  Maurice (D:8)
  Prince Ribbit (D:8)
  A hippogriff (D:7)
  Sigmund (D:5)
  2 hungry ghosts
  Menkaure (D:5)
  Edmund (D:4)
  A water moccasin (D:8)
  Duvessa (D:5)
  2 orc warriors
  A sky beast (D:4)
  An ice beast (D:8)
  A necrophage (D:9)
  7 ogres
  3 phantoms
  4 centaurs
  3 bullfrogs
  A water moccasin zombie (D:8)
  A wyvern skeleton (D:7)
  15 killer bees
  4 scorpions
  Dowan (D:5)
  4 howler monkeys
  6 crimson imps
  2 hounds
  A quasit (D:8)
  8 orc priests
  11 orc wizards
  A bullfrog skeleton (D:9)
  An iguana (D:5)
  Natasha (thrice) (D:4)
  5 worker ants
  Terence (D:2)
  A worker ant zombie (D:6)
  Robin (D:4)
  10 gnolls
  A howler monkey skeleton (D:5)
  5 adders
  A shadow imp (D:5)
  2 oozes
  6 worms
  A dart slug (D:4)
  2 leopard geckos
  29 orcs
  12 bats
  5 giant cockroaches
  12 goblins
  8 hobgoblins
  6 jackals
  8 kobolds
  8 quokkas
  3 frilled lizards
  A jackal skeleton (D:4)
  A jackal zombie (D:7)
  A leopard gecko skeleton (D:4)
  A leopard gecko zombie (D:5)
  2 quokka skeletons
  7 rats
232 creatures vanquished.

Notes
Turn   | Place    | Note
-------+----------+-------------------------------------------
     0 | D:1      | Kagalorn the Gnoll Earth Elementalist began the quest for
                  | the Orb.
     0 | D:1      | Reached XP level 1. HP: 13/13 MP: 6/6
    92 | D:1      | Reached XP level 2. HP: 14/19 MP: 7/7
   539 | D:1      | Reached XP level 3. HP: 17/25 MP: 9/9
   662 | D:1      | Reached skill level 5 in Spellcasting
  1193 | D:2      | Reached skill level 1 in Invocations
  1203 | D:2      | Reached skill level 1 in Fighting
  1203 | D:2      | Reached skill level 1 in Short Blades
  1203 | D:2      | Reached skill level 1 in Long Blades
  1203 | D:2      | Reached skill level 1 in Axes
  1203 | D:2      | Reached skill level 1 in Maces & Flails
  1203 | D:2      | Reached skill level 1 in Polearms
  1203 | D:2      | Reached skill level 1 in Staves
  1203 | D:2      | Reached skill level 1 in Slings
  1203 | D:2      | Reached skill level 1 in Bows
  1203 | D:2      | Reached skill level 1 in Crossbows
  1203 | D:2      | Reached skill level 1 in Throwing
  1203 | D:2      | Reached skill level 1 in Armour
  1203 | D:2      | Reached skill level 1 in Shields
  1203 | D:2      | Reached skill level 1 in Unarmed Combat
  1203 | D:2      | Reached skill level 1 in Evocations
  1247 | D:2      | Reached XP level 4. HP: 29/32 MP: 9/11
  1476 | D:2      | Noticed Terence
  1487 | D:2      | Killed Terence
  1491 | D:2      | Reached skill level 1 in Conjurations
  1491 | D:2      | Reached skill level 1 in Hexes
  1491 | D:2      | Reached skill level 1 in Charms
  1491 | D:2      | Reached skill level 1 in Summonings
  1491 | D:2      | Reached skill level 1 in Necromancy
  1491 | D:2      | Reached skill level 1 in Translocations
  1491 | D:2      | Reached skill level 1 in Fire Magic
  1491 | D:2      | Reached skill level 1 in Ice Magic
  1491 | D:2      | Reached skill level 1 in Air Magic
  1491 | D:2      | Reached skill level 1 in Poison Magic
  1841 | D:2      | Reached XP level 5. HP: 30/37 MP: 8/12
  2470 | D:3      | Found a glowing golden altar of the Shining One.
  2714 | D:3      | Became a worshipper of the Shining One
  2824 | D:3      | Reached XP level 6. HP: 44/44 MP: 13/13
  3090 | D:3      | Found a glowing silver altar of Zin.
  3094 | D:3      | Found an ornate altar of the Wu Jian Council.
  3097 | D:3      | Found a basalt altar of Yredelemnul.
  3481 | D:4      | Learned a level 2 spell: Passwall
  3500 | D:4      | Noticed Natasha
  3515 | D:4      | Reached skill level 5 in Dodging
  3517 | D:4      | Killed Natasha
  3767 | D:4      | Reached XP level 7. HP: 50/50 MP: 12/15
  3841 | D:4      | Noticed Robin
  3857 | D:4      | Killed Robin
  3940 | D:4      | Reached * piety under the Shining One
  4369 | D:4      | Noticed Edmund
  4382 | D:4      | Reached skill level 5 in Stealth
  4415 | D:4      | Killed Edmund
  4428 | D:4      | Noticed Natasha
  4527 | D:4      | Reached XP level 8. HP: 44/57 MP: 13/16
  4659 | D:4      | Killed Natasha
  4971 | D:4      | Noticed Natasha
  4977 | D:4      | Killed Natasha
  5002 | D:5      | Entered Level 5 of the Dungeon
  5023 | D:5      | Noticed Menkaure
  5035 | D:5      | Killed Menkaure
  5245 | D:5      | Noticed Sigmund
  5274 | D:5      | Killed Sigmund
  5274 | D:5      | Reached XP level 9. HP: 62/65 MP: 11/18
  5416 | D:5      | Reached ** piety under the Shining One
  5741 | D:5      | Noticed Dowan
  5743 | D:5      | Killed Dowan
  5743 | D:5      | Noticed Duvessa
  5748 | D:5      | Killed Duvessa
  6246 | D:6      | Found a staircase to the Ecumenical Temple.
  6840 | D:7      | Learned a level 5 spell: Lee's Rapid Deconstruction
  6964 | D:7      | Reached skill level 5 in Invocations
  7217 | D:7      | Reached XP level 10. HP: 56/73 MP: 20/20
  7387 | D:7      | HP: 1/73 [orc priest/divine providence (13)]
  7761 | D:7      | Got a slimy ring mail
  8013 | D:7      | Reached *** piety under the Shining One
  8042 | D:7      | Found a hazy altar of Hepliaklqana.
  8202 | D:8      | Reached skill level 5 in Fighting
  8202 | D:8      | Reached skill level 5 in Short Blades
  8202 | D:8      | Reached skill level 5 in Long Blades
  8202 | D:8      | Reached skill level 5 in Axes
  8202 | D:8      | Reached skill level 5 in Maces & Flails
  8202 | D:8      | Reached skill level 5 in Polearms
  8202 | D:8      | Reached skill level 5 in Staves
  8202 | D:8      | Reached skill level 5 in Slings
  8202 | D:8      | Reached skill level 5 in Bows
  8202 | D:8      | Reached skill level 5 in Crossbows
  8202 | D:8      | Reached skill level 5 in Throwing
  8202 | D:8      | Reached skill level 5 in Armour
  8202 | D:8      | Reached skill level 5 in Shields
  8202 | D:8      | Reached skill level 5 in Unarmed Combat
  8202 | D:8      | Reached skill level 5 in Evocations
  8248 | D:8      | Identified the +3 ring mail "Catopu" {+Fly rElec rPois
                  | rCorr} (You found it on level 7 of the Dungeon)
  8394 | D:8      | Got a glittering lapis lazuli ring
  8398 | D:8      | Identified the ring "Redizy" {*Tele MR+} (You found it on
                  | level 8 of the Dungeon)
  8408 | D:8      | Noticed Maurice
  8414 | D:8      | Killed Maurice
  8444 | D:8      | Found a bloodstained altar of Trog.
  8490 | D:8      | Noticed Prince Ribbit
  8501 | D:8      | Killed Prince Ribbit
  8548 | D:8      | Noticed Harold
  8562 | D:8      | Killed Harold
  8562 | D:8      | Reached skill level 5 in Transmutations
  9094 | D:9      | Found a blossoming altar of Fedhas.
  9145 | D:9      | Reached XP level 11. HP: 15/81 MP: 14/22
  9424 | D:9      | Noticed a two-headed ogre
  9521 | D:9      | HP: 1/81 [meliai/divine providence (11)]
  9524 | D:9      | Killed from afar by a meliai

Levels and vault maps discovered:
D:1:      dpeg_arrival_short_road, layout_loops_corners, serial_forest,
          infiniplex_forest_lined_room_2, infiniplex_forest_clump_small,
          infiniplex_forest_straight_2, infiniplex_forest_end_2,
          infiniplex_forest_corner_2, infiniplex_forest_zigzag_2,
          infiniplex_forest_end_2
D:2:      layout_loops_corners, first_ration, minmay_vboxes, uniq_terence
D:3:      layout_rooms, grunt_temple_overflow_diamond, tso_oasis_becter,
          roderic_serpentine_path, st_stairs_9
D:4:      layout_loops_ring, uniq_natasha, uniq_edmund, uniq_robin
D:5:      layout_loops_cross, uniq_sigmund, uniq_menkaure, uniq_duvessa
D:6:      layout_rooms, temple_doors_e
D:7:      layout_loops_corners, kennysheep_little_box
D:8:      layout_basic, nicolae_overflow_crystal_walls, uniq_prince_ribbit1,
          uniq_maurice, uniq_harold
D:9:      layout_stronghold, fedhas_altar_2, david_nohive_1

Skill      XL: |  1  2  3  4  5  6  7  8  9 10 |
---------------+-------------------------------+-----
Transmutations | 2 3 4 5 |  5.2
Spellcasting   | 5 6 7 |  7.7
Invocations    | 1 2 3 4 5 6 |  6.3
Fighting       | 1 2 3 4 5 |  5.7
Short Blades   | 1 2 3 4 5 |  5.7
Long Blades    | 1 2 3 4 5 |  5.7
Axes           | 1 2 3 4 5 |  5.7
Maces & Flails | 1 2 3 4 5 |  5.7
Polearms       | 1 2 3 4 5 |  5.7
Staves         | 1 2 3 4 5 |  5.7
Slings         | 1 2 3 4 5 |  5.7
Bows           | 1 2 3 4 5 |  5.7
Crossbows      | 1 2 3 4 5 |  5.7
Throwing       | 1 2 3 4 5 |  5.7
Armour         | 1 2 3 4 5 |  5.7
Shields        | 1 2 3 4 5 |  5.7
Unarmed Combat | 1 2 3 4 5 |  5.7
Evocations     | 1 2 3 4 5 |  5.7
Conjurations   | 1 2 3 4 |  4.7
Hexes          | 1 2 3 4 |  4.7
Charms         | 1 2 3 4 |  4.7
Summonings     | 1 2 3 4 |  4.7
Necromancy     | 1 2 3 4 |  4.7
Translocations | 1 2 3 4 |  4.7
Fire Magic     | 1 2 3 4 |  4.7
Ice Magic      | 1 2 3 4 |  4.7
Air Magic      | 1 2 3 4 |  4.7
Poison Magic   | 1 2 3 4 |  4.7
Dodging        | 5 6 7 |  7.4
Stealth        | 5 6 7 |  7.2
Earth Magic    | 6 7 |  7.3

Action                   |  1- 3 |  4- 6 |  7- 9 | 10-12 || total
-------------------------+-------+-------+-------+-------++-------
Melee: Spear             |    90 |    37 |       |       ||   127
       Bite              |     4 |     6 |    20 |    10 ||    40
       Punch             |       |     1 |     2 |     2 ||     5
       Flail             |       |    43 |   218 |   114 ||   375
       Trident           |       |     7 |       |       ||     7
       Long sword        |       |       |       |    68 ||    68
Throw: Stone             |     1 |       |       |       ||     1
 Cast: Sandblast         |     5 |    54 |    98 |    52 ||   209
       Lee's Rapid Decon |       |       |       |     1 ||     1
  Use: Scroll            |       |       |       |    13 ||    13
       Potion            |       |       |       |     2 ||     2
 Stab: Sleeping          |    12 |     2 |       |       ||    14
  Eat: Chunk             |     1 |     8 |    13 |     6 ||    28
       Ration            |       |       |       |     1 ||     1
Armor: Robe              |    11 |    18 |    37 |    10 ||    76
       Ring mail         |       |       |       |    53 ||    53
Dodge: Dodged            |    53 |    81 |   176 |   208 ||   518
       Rpst.: Long sword |       |       |       |    17 ||    17
